 Dungeon Crawl Stone Soup version 0.21-a0-426-g98080a9 (webtiles) character file.

10 theanonym the Stinger (level 2, -1/17 HPs)
             Began as an Octopode Venom Mage on Nov 7, 2017.
             Slain by a jackal (3 damage)
             ... on level 2 of the Dungeon.
             The game lasted 00:01:47 (412 turns).

theanonym the Stinger (Octopode Venom Mage)          Turns: 412, Time: 00:01:48

Health: -1/17      AC:  1    Str:  7    XL:     2   Next: 20%
Magic:  5/5        EV: 13    Int: 20    God:
Gold:   43         SH:  0    Dex: 12    Spells: 2/5 levels left

rFire    . . .     SeeInvis .   f - +0 dagger
rCold    . . .     Gourm    .   (no shield)
rNeg     . . .     Faith    .   (helmet restricted)
rPois    .         Spirit   .   (no amulet)
rElec    .         Reflect  .   g - +3 ring of intelligence
rCorr    .         Harm     .   (no ring)
MR       .....                  (no ring)
Stlth    +++.......             (no ring)
HPRegen  0.05/turn              (no ring)
MPRegen  0.09/turn              (no ring)
                                (no ring)
                                (no ring)

@: lethally poisoned (-1 -> -17)
A: almost no armour, stealthy swim, amphibious, 8 rings, constrict 8, camouflage
1, gelatinous body 1
a: no special abilities


Innate Abilities, Weirdness & Mutations

You cannot wear most types of armour.
You are very stealthy in the water. (Stealth+)
You are amphibious.
You can wear up to eight rings at the same time.
You can use your tentacles to constrict eight enemies at once.
Your skin changes colour to match your surroundings (Stealth+).
Your rubbery body absorbs attacks. (AC +1, EV +1)


   Skills:
 - Level 2.0 Dodging
 - Level 2.6 Stealth
 + Level 2.2 Spellcasting
 + Level 1.4 Conjurations
 + Level 3.9 Poison Magic


You had 2 spell levels left.
You knew the following spells:

 Your Spells              Type           Power        Failure   Level  Hunger
a - Sting                 Conj/Pois      ##..         4%          1    #......
b - Poisonous Vapours     Pois/Air       ##....       11%         2    ##.....

Action                   || total
-------------------------++-------
Melee: Dagger            ||     1
       Constrict         ||     1
       Tentacles         ||     1
 Cast: Sting             ||    13
       Poisonous Vapours ||     1
  Use: Scroll            ||     2
Armor: Skin              ||     1
Dodge: Dodged            ||     8

Inventory:

Hand Weapons
 f - a +0 dagger (weapon)
   (You took it off a goblin on level 1 of the Dungeon)
Jewellery
 g - a +3 ring of intelligence (left tentacle)
   (You found it on level 1 of the Dungeon)
 h - an uncursed ring of protection from cold {unknown}
   (You found it on level 1 of the Dungeon)
Scrolls
 c - a scroll of amnesia
 i - a scroll of identify {unknown}
Potions
 e - a potion of might {unknown}
Books
 a - a Young Poisoner's Handbook

   Spells                             Type                      Level
   a - Sting                          Conjuration/Poison           1
   b - Poisonous Vapours              Poison/Air                   2
   c - Mephitic Cloud                 Conjuration/Poison/Air       3
   d - Olgreb's Toxic Radiance        Poison                       4
   e - Venom Bolt                     Conjuration/Poison           5
Comestibles
 b - a bread ration

Dungeon Overview and Level Annotations

Branches:
Dungeon (1/15)

Altars:


You were on level 2 of the Dungeon.
You were not hungry.

You visited 1 branch of the dungeon, and saw 2 of its levels.

You collected 43 gold pieces.


Message History

The frilled lizard is too close now for your liking.
Okay, then.
Aim: a frilled lizard (hasn't noticed you)
The sting hits the frilled lizard.
The frilled lizard is poisoned.
You now have 4/5 mp.
Aim: a frilled lizard (heavily wounded, poisoned)
The sting hits the frilled lizard.
You kill the frilled lizard!
You now have 3/5 mp.
No target in view!
No target in view!
No target in view!
Memorise Poisonous Vapours, consuming 2 spell levels and leaving 2?
You start memorising the spell.
You continue memorising. x2
You finish memorising.
Spell assigned to 'b'.
Found 19 arrows.
MP restored: 5 You butcher the goblin corpse.
d - 5 chunks of flesh (gained 3)
You see here a goblin skeleton. x2
Some of the chunks of flesh in your inventory have rotted away.
Found a stone staircase leading down.
You butcher the frilled lizard corpse.
d - 5 chunks of flesh (gained 1)
You see here a frilled lizard skeleton. x2
There is a stone staircase leading down here.
You now have 34 gold pieces (gained 9).
c - 2 scrolls labeled AHAOPR PINU (gained 1)
h - a blackened marble ring
i - a scroll labeled MEKLOI RAUPEBLERO
Found a short sword.
Found a stone staircase leading down.
A dart slug comes into view.
Found 2 gold pieces and 13 stones.
Aim: a dart slug (resting) Poisonous vapours surround the dart slug!
You now have 3/5 mp.
Aim: a dart slug The sting hits the dart slug.
The dart slug is poisoned.
You now have 2/5 mp.
Aim: a dart slug (almost dead, poisoned)
The sting hits the dart slug.
The dart slug looks even sicker.
You kill the dart slug!
* * * LOW MAGIC WARNING * * *
You now have 1/5 mp.
Some of the chunks of flesh in your inventory have rotted away.
All of the chunks of flesh in your inventory have rotted away.
You now have 41 gold pieces (gained 7).
You now have 43 gold pieces (gained 2).
Found an embroidered robe.
MP restored: 5
d - a scroll labeled BUMYVU PILU You fall through a shaft!
The shaft crumbles and collapses.
An adder, a rat, 3 jackals and a giant cockroach come into view.
The jackal barks! x2
Found a whip and a scroll labeled MEKLOI RAUPEBLERO.
Unknown command.
The rat closely misses you.
The adder hisses angrily.
The rat bites you.
You take 1 damage, and have 16/17 hp.
The adder barely misses you.
The adder appears out of thin air!
An adder comes into view.
A frilled lizard comes into view.
The adder bites you.
You are poisoned.
The adder poisons you!
You take 1 damage, and have 15/17 hp.
You feel sick. The adder misses you.
You take 1 damage, and have 14/17 hp.
A rat comes into view.
The frilled lizard hisses angrily.
You hear an angry hiss.
The giant cockroach misses you. The jackal misses you. The adder bites you.
You are lethally poisoned!
The adder poisons you! The frilled lizard misses you.
You take 2 damage, and have 12/17 hp.
As you read the scroll labeled AHAOPR PINU, it crumbles to dust.
It is a scroll of amnesia.
Forget which spell ([?*] list [ESC] exit)?
Forget which spell ([?*] list [ESC] exit)?
Okay, then.
You feel sick. The jackal bites you. The adder bites you.
* * * LOW HITPOINT WARNING * * *
You are more poisoned.
The adder poisons you!
The rat twitches its whiskers.
The frilled lizard barely misses you.
A frilled lizard comes into view.
You take 5 damage, and have 7/17 hp.
MASSIVE DAMAGE!!
As you read the scroll labeled BUMYVU PILU, it crumbles to dust.
You feel blessed for a moment.
It was a scroll of remove curse.
* * * LOW HITPOINT WARNING * * *
You feel sick.
The jackal bites you but does no damage.
The adder bites you.
* * * LOW HITPOINT WARNING * * *
The frilled lizard misses you. The jackal bites you.
You die...

#..........#
#..........#
#..........#
#..........#
###..........#
#............#
#............#
#####h.........).#
#l@hs........?....#
.....rS##r..............
.....#..................
.#.. .......#.........
#. ...#..#.#...... ..
##l##.##....#.. . #. ..
..#.... .. .. ##.


You could see an adder, 2 jackals, a giant cockroach, 2 frilled lizards and 2
rats.

Notes
Turn   | Place    | Note
-------+----------+-------------------------------------------
     0 | D:1      | theanonym the Octopode Venom Mage began the quest for the Orb.
     0 | D:1      | Reached XP level 1. HP: 11/11 MP: 3/3
   151 | D:1      | Reached XP level 2. HP: 17/17 MP: 1/5
   226 | D:1      | Learned a level 2 spell: Poisonous Vapours
   400 | D:1      | You fall through a shaft!
   411 | D:2      | HP: 7/17 [adder (3)]
   412 | D:2      | HP: 2/17 [adder (3)]
   412 | D:2      | Slain by a jackal

Vanquished Creatures
  A dart slug (D:1)
  2 goblins (D:1)
  2 frilled lizards (D:1)
  2 kobolds (D:1)
  2 rats (D:1)
9 creatures vanquished.
